 Dungeon Crawl Stone Soup version 0.23.2-1-ga50397a6bc (webtiles) character file.

Game seed: 506175650477860884

143 Mrkan the Shield-Bearer (level 5, -11/33 HPs)
             Began as a Gargoyle Fighter on May 13, 2019.
             Mangled by an orc warrior
             ... wielding a +0 flail
              (14 damage)
             ... on level 3 of the Dungeon.
             The game lasted 00:05:30 (1497 turns).

Mrkan the Shield-Bearer (Gargoyle Fighter)          Turns: 1497, Time: 00:05:31

Health: -11/33     AC: 15    Str: 19    XL:     5   Next: 25%
Magic:  5/5        EV:  8    Int: 10    God:
Gold:   63         SH:  9    Dex:  9    Spells: 4/4 levels left

rFire    . . .     SeeInvis .   a - +0 flail
rCold    . . .     Gourm    .   c - +0 shield
rNeg     + + .     Faith    .   b - +0 scale mail
rPois    ∞         Spirit   .   (no helmet)
rElec    +         Reflect  .   e - +0 cloak
rCorr    .         Harm     .   (no gloves)
MR       .....                  (no boots)
Stlth    ..........             (no amulet)
HPRegen  0.11/turn              m - ring of positive energy
MPRegen  0.09/turn              o - +3 ring of protection

@: no status effects
A: negative energy resistance 1, electricity resistance, unbreathing,
petrification resistance, rot immunity, AC +4
a: no special abilities


You were on level 3 of the Dungeon.
You were hungry.

You visited 1 branch of the dungeon, and saw 3 of its levels.

You collected 63 gold pieces.

Inventory:

Hand Weapons
 a - a +0 flail (weapon)
Armour
 b - a +0 scale mail (worn)
 c - a +0 shield (worn)
 e - a +0 cloak (worn)
 s - a cursed +0 chain mail
Jewellery
 m - a ring of positive energy (left hand)
 o - a +3 ring of protection (right hand)
 y - a +2 ring of strength {unknown}
Scrolls
 g - a scroll of immolation {unknown}
 k - a scroll of fog {unknown}
 l - a scroll of fear {unknown}
 q - a scroll of enchant weapon {unknown}
 r - a scroll of enchant armour {unknown}
 t - 2 scrolls of random uselessness {unknown}
 u - a scroll of noise {unknown}
 v - a scroll of amnesia {unknown}
 x - a scroll of remove curse {unknown}
Potions
 d - a potion of might
 h - a potion of ambrosia {unknown}
 i - a potion of flight {unknown}
 j - a potion of berserk rage {unknown}
 n - a potion of agility {unknown}
 p - 2 potions of curing
 w - a potion of lignification {unknown}
Comestibles
 f - 4 rations


   Skills:
 + Level 4.2 Fighting
 - Level 2.0 Maces & Flails
 - Level 3.3 Armour
 + Level 0.8 Dodging
 * Level 5.4 Shields


You had 4 spell levels left.
You didn't know any spells.
Your spell library was empty.

Dungeon Overview and Level Annotations

Branches:
Dungeon (3/15)

Altars:


Innate Abilities, Weirdness & Mutations

You are resistant to torment.
Your stone body is resilient. (AC +4)
You are immune to poison.
You resist negative energy. (rN+)
You are resistant to electric shocks. (rElec)
You can survive without breathing.
You are immune to petrification.
You are immune to rotting.


Message History

The orc throws a stone.
The stone hits you but does no damage.
You see here a stone.
The orc throws a stone.
The stone closely misses you.
The orc throws a stone.
You block the stone.
You are feeling hungry.
Found 10 gold pieces.
You hit the orc warrior but do no damage.
You block the orc warrior's attack.
You barely miss the orc warrior.
The orc warrior hits you with a +0 flail!
You closely miss the orc warrior.
The orc throws a stone.
The stone barely misses you.
The orc warrior hits you with a +0 flail.
* * * LOW HITPOINT WARNING * * *
You closely miss the orc.
The orc warrior hits you with a +0 flail.
* * * LOW HITPOINT WARNING * * *
You block the orc's attack.
The orc warrior hits you with a +0 flail!
You die...

..#.... ....$# # .....## . #.
.(......... ... ...............
.. .... #..#............
......###.....##..#....#.......
.................o.....+........
..........##+###@#.....#........
..........##.# #o#..............
.............###.#............#
............(....#.)..........#
..........o.........###.......#
...!..(...(..#####..# #.......##
...(......##.# #..####'###....
##'#.........#####..##.....#....
#.#..###............+..........


You could see an orc warrior and an orc.

Vanquished Creatures
  An orc wizard (D:3)
  3 adders
  A shadow imp (D:2)
  An ooze (D:3)
  2 worms (D:2)
  A dart slug (D:2)
  3 leopard geckos
  4 orcs (D:3)
  3 giant cockroaches
  11 goblins
  7 hobgoblins
  2 quokkas (D:3)
  A ball python (D:1)
  5 bats
  6 frilled lizards
  6 kobolds
  5 rats
62 creatures vanquished.

Notes
Turn   | Place    | Note
-------+----------+-------------------------------------------
     0 | D:1      | Mrkan the Gargoyle Fighter began the quest for the Orb.
     0 | D:1      | Reached XP level 1. HP: 14/14 MP: 1/1
    99 | D:1      | Reached XP level 2. HP: 19/19 MP: 2/2
   209 | D:1      | Reached skill level 4 in Shields
   420 | D:1      | Reached XP level 3. HP: 19/23 MP: 3/3
   811 | D:2      | Reached XP level 4. HP: 21/29 MP: 4/4
  1322 | D:3      | Reached skill level 5 in Shields
  1437 | D:3      | Reached XP level 5. HP: 25/33 MP: 5/5
  1445 | D:3      | Noticed an orc warrior
  1497 | D:3      | Mangled by an orc warrior

Skill      XL: |  1  2  3  4 |
---------------+-------------+-----
Shields        | 4 5 |  5.4
Fighting       | 4 |  4.2
Maces & Flails | |  2.0
Armour         | |  3.3
Dodging        | |  0.8

Action                   |  1- 3 |  4- 6 || total
-------------------------+-------+-------++-------
Melee: Flail             |   125 |   104 ||   229
  Use: Scroll            |       |     4 ||     4
  Eat: Chunk             |       |     2 ||     2
Armor: Scale mail        |    82 |    66 ||   148
Dodge: Dodged            |    44 |    35 ||    79
Block: Shield            |    83 |    74 ||   157
